 Dungeon Crawl Stone Soup version 0.14-a0-1378-gf8e6a88 (webtiles) character file.

791 PolkaDot the Ruinous (level 7, -4/46 HPs)
             Began as a Vampire Conjurer on Dec 9, 2013.
             Slain by a giant frog (8 damage)
             ... in a sewer.
             The game lasted 00:21:13 (4134 turns).

PolkaDot the Ruinous (Vampire Conjurer)             Turns: 4134, Time: 00:21:13

HP  -4/46        AC  4     Str  7      XL: 7   Next: 29%
MP   3/12        EV 12     Int 19      God:
Gold 133         SH  0     Dex 14      Spells:  3 memorised,  3 levels left

rFire  + . .     SeeInvis +     (no weapon)
rCold  . . .     Clarity  .     l - +2 robe {rF+}
rNeg   + + .     Conserve .     (no shield)
rPois  .         rCorr    .     (helmet restricted)
rElec  .         rRot     .     (no cloak)
SustAb . .       Spirit   .     (no gloves)
rMut   .         Warding  +     (no boots)
Saprov . . .     Stasis   .     p - amulet of warding
                                f - ring of positive energy
                                (no ring)

@: regenerating very quickly, very slightly contaminated, hasted, constricted,
very quick, slightly resistant to hostile enchantments, unstealthy
A: bottle blood, fangs 3, horns 1, see invisible, unbreathing
a: Bottle Blood


You were in a sewer.
You were almost alive.

You visited 1 branch of the dungeon, and saw 4 of its levels.
You also visited: Sewer.

You collected 133 gold pieces.

Inventory:

Armour
 l - a +2 robe of fire resistance (worn)
Scrolls
 a - a scroll of remove curse
 d - 2 scrolls of magic mapping
 h - a scroll of recharging {unknown}
 i - a scroll of teleportation {unknown}
 k - 6 scrolls of identify
Jewellery
 e - an uncursed ring of fire
 f - a ring of positive energy (right hand)
 n - an uncursed ring of ice
 p - an amulet of warding (around neck)
Potions
 b - 2 potions of curing
 q - 6 potions of blood
Books
 c - a book of Conjurations

   Spells                             Type                      Level
   *Magic Dart                        Conjuration                  1
   *Searing Ray                       Conjuration                  2
   Dazzling Spray                     Conjuration/Hexes            3
   *Iskenderun's Mystic Blast         Conjuration                  4
   Iskenderun's Battlesphere          Conjuration/Charms           4
   Fulminant Prism                    Conjuration/Hexes            5


   Skills:
 - Level 2.1 Dodging
 - Level 3.0 Stealth
 - Level 2.0 Spellcasting
 * Level 6.8 Conjurations


You had 3 spell levels left.
You knew the following spells:

 Your Spells              Type           Power        Failure   Level  Hunger
a - Magic Dart            Conj           ####         1%          1    #......
d - Iskenderun's Mystic   Conj           ####....     12%         4    #####..
s - Searing Ray           Conj           ####..       1%          2    ##.....


Dungeon Overview and Level Annotations

Branches:
Dungeon (4/16)
 Temple: D:4-7

Altars:
Cheibriados
Zin
the Shining One


Innate Abilities, Weirdness & Mutations

Your natural rate of healing is extremely fast.
You can bottle blood from corpses.
You have razor-sharp teeth.*
You have supernaturally acute eyesight.
You can survive without breathing.*
You have a pair of small horns on your head.*


Message History

The giant frog completely misses you.
You are very lightly contaminated with residual magic.
Your attempt to break free from the ball python fails, but you feel that another attempt might succeed.
The giant frog hits you but does no damage.
The giant frog barely misses you.
The ball python bites you but does no damage.
The ball python constricts you.
You escape the ball python's grasp.
The giant frog completely misses you. The giant frog hits you!
* * * LOW HITPOINT WARNING * * *
The giant frog barely misses you. The giant frog hits you.
* * * LOW HITPOINT WARNING * * *
The ball python misses you.
* * * LOW HITPOINT WARNING * * *
The ball python grabs you.
* * * LOW HITPOINT WARNING * * *
The ball python constricts you.
The giant frog hits you but does no damage.
The giant frog hits you!
You die...

#####....# #..##....#
#..'.....# ####....##
+#####################.....#
....≈≈≈≈≈≈≈≈≈≈≈≈≈≈≈≈≈......#
..l≈≈≈≈≈≈≈≈≈≈≈≈≈≈≈≈≈......##
....≈≈≈≈≈≈≈≈≈≈≈S≈≈≈≈≈......#
....≈≈≈≈%≈≈≈≈≈SF@≈≈≈≈≈....##
....≈≈≈≈≈≈≈≈≈≈≈F≈≈≈≈≈....##
...≈≈≈≈≈≈≈≈≈≈≈≈≈≈≈≈≈..###
#######################


You could see 2 giant frogs and 2 ball pythons.

Vanquished Creatures
  The ghost of July the Magician, an average SpEn of Okawaru (D:4)
  An ogre (D:4)
  An orc priest (D:3)
  A hound (D:3)
  A worker ant (D:4)
  An ogre skeleton (D:4)
  Jessica (D:2)
  2 gnolls (D:4)
  2 green rats
  5 adders
  2 giant mites
  20 grey rats
  An iguana skeleton (D:4)
  6 oozes
  11 orcs (D:3)
  5 giant cockroaches
  10 goblins
  7 hobgoblins
  6 jackals
  5 kobolds
  A quokka (D:2)
  7 ball pythons (Sewer)
  6 bats
  2 giant geckos
  10 giant newts
  14 rats
129 creatures vanquished.

Notes
Turn   | Place    | Note
--------------------------------------------------------------
     0 | D:1      | PolkaDot, the Vampire Conjurer, began the quest for the Orb.
     0 | D:1      | Reached XP level 1. HP: 13/13 MP: 3/3
   491 | D:1      | Reached XP level 2. HP: 19/19 MP: 1/4
  1121 | D:2      | Reached XP level 3. HP: 24/24 MP: 0/6
  1216 | D:2      | Noticed Jessica
  1221 | D:2      | Learned a level 2 spell: Searing Ray
  1224 | D:2      | Found a snail-covered altar of Cheibriados.
  1249 | D:2      | Killed Jessica
  1249 | D:2      | Reached skill level 4 in Conjurations
  1314 | D:2      | Found a glowing golden altar of the Shining One.
  1320 | D:2      | Found a glowing silver altar of Zin.
  1468 | D:2      | Reached XP level 4. HP: 30/30 MP: 5/7
  2139 | D:3      | Gained mutation: You have a pair of small horns on your head. [potion of beneficial mutation]
  2217 | D:3      | Learned a level 4 spell: Iskenderun's Mystic Blast
  2417 | D:3      | Reached XP level 5. HP: 35/35 MP: 3/9
  2754 | D:4      | Reached skill level 5 in Conjurations
  2765 | D:4      | Noticed an ogre
  2765 | D:4      | Noticed July's ghost (average SpEn)
  2774 | D:4      | Killed an ogre
  2826 | D:4      | Killed July's ghost
  2826 | D:4      | Reached skill level 6 in Conjurations
  2826 | D:4      | Reached XP level 6. HP: 26/41 MP: 1/10
  3167 | D:4      | Reached XP level 7. HP: 37/46 MP: 2/12
  3272 | D:4      | Found a glowing drain.
  3280 | Sewer    | Entered a sewer
  4134 | Sewer    | Slain by a giant frog

Action                   |  1- 3 |  4- 6 |  7- 9 || total
-------------------------+-------+-------+-------++-------
Melee: Unarmed           |    25 |    44 |    64 ||   133
 Cast: Magic Dart        |    57 |    44 |    71 ||   172
       Searing Ray       |     2 |    19 |     5 ||    26
       Iskenderun's Myst |       |       |     2 ||     2
 Abil: Bottle Blood      |       |       |    15 ||    15
  Use: Potion            |     1 |    10 |     8 ||    19
       Scroll            |       |     7 |     1 ||     8
